 Dungeon Crawl Stone Soup version 0.31-a0-234-gad7ace16ef (webtiles) character file.

Game seed: 865270661097028477

444 qw the Shooter (level 7, -10/42 HPs)
             Began as a Gargoyle Hexslinger on July 9, 2023.
             Was an Initiate of Okawaru.
             Killed by divine providence
             ... invoked by an orc priest
              (13 damage)
             ... on level 5 of the Dungeon.
             The game lasted 00:00:59 (2909 turns).

qw the Shooter (Gargoyle Hexslinger)                Turns: 2909, Time: 00:00:59

Health: -10/42     AC: 15    Str: 11    XL:     7   Next: 3%
Magic:  8/8        EV: 10    Int: 14    God:    Okawaru [......]
Gold:   160        SH:  0    Dex: 14    Spells: 7/8 levels left

rFire   . . .        j - +1 sling (heavy)
rCold   . . .        (no shield)
rNeg    + . .        i - +0 ring mail
rPois   inf          (no helmet)
rElec   +            (no cloak)
rCorr   .            (no gloves)
SInv    .            b - +0 pair of boots
Will    .....        (no amulet)
Stlth   +            n - +4 ring of protection
HPRegen 0.27/turn    (no ring)
MPRegen 0.11/turn

%: no passive effects
@: no status effects
A: sickness immunity, AC +4, negative energy resistance 1, electricity
resistance, torment resistance 1, petrification resistance
a: Renounce Religion


You were on level 5 of the Dungeon.
You worshipped Okawaru.
Okawaru was noncommittal.
You visited 1 branch of the dungeon, and saw 5 of its levels.

You collected 160 gold pieces.


Innate Abilities, Weirdness & Mutations

You are immune to sickness and miasma.
Your stone body is resilient. (AC +4)
You are immune to poison.
You resist negative energy. (rN+)
You are resistant to electric shocks. (rElec)
You are resistant to unholy torment.
You are immune to petrification.


   Skills:
 + Level 3.8 Fighting
 - Level 6.2 Ranged Weapons
 - Level 1.0 Armour
 - Level 1.5 Dodging
 - Level 1.0 Spellcasting
 - Level 2.6 Hexes


You had 7 spell levels left.
You knew the following spells:

 Your Spells              Type           Power      Damage    Failure   Level
a - Slow                  Hex            32%        N/A       21%         1

Your spell library contained the following spells:

 Spells                   Type           Power      Damage    Failure   Level
 Inner Flame              Hex/Fire       4%         N/A       71%         3
 Portal Projectile        Hex/Tloc       8%         N/A       71%         3
 Cause Fear               Hex            4%         N/A       90%         4

Inventory:

Hand Weapons
 j - a +1 heavy sling (weapon)
Armour
 b - a +0 pair of boots (worn)
 i - a +0 ring mail (worn)
Jewellery
 n - a +4 ring of protection (left hand)
Scrolls
 g - a scroll of brand weapon
Potions
 a - a potion of cancellation {unknown}
 c - a potion of attraction {unknown}
 d - a potion of haste
 e - a potion of degeneration {unknown}
 f - a potion of curing {unknown}
 h - 2 potions of might
 k - a potion of resistance {unknown}
 l - a potion of lignification {unknown}

Dungeon Overview and Level Annotations

Branches:
Dungeon (5/15)
 Temple: D:4-7

Altars:
Okawaru
Wu Jian
Xom

Shops:
D:1 ?:   D:3 [


Message History

You shoot a sling bullet. The sling bullet barely misses the orc.
The orc hits you but does no damage. The orc closely misses you.
The orc priest hits you but does no damage.
The orc barely misses you. The orc hits you with a +0 hand axe.
The orc barely misses you.
You shoot a sling bullet.
The sling bullet closely misses the orc.
The orc hits you with a +0 flail. The orc priest closely misses you.
The orc barely misses you. The orc priest closely misses you.
The orc barely misses you. The orc misses you.
The orc warrior hits you with a +0 short sword.
The orc hits you but does no damage.
You shoot a sling bullet. The sling bullet barely misses the orc.
The orc hits you with a +0 club. The orc barely misses you.
The orc closely misses you.
The orc priest hits you but does no damage.
The orc warrior hits you but does no damage.
You shoot a sling bullet. The sling bullet hits the orc.
You kill the orc!
Okawaru accepts your kill. The orc hits you with a +0 club.
The orc closely misses you.
The orc priest hits you but does no damage.
The orc warrior completely misses you. The orc priest hits you with a +0 club.
The orc warrior hits you with a +0 short sword.
The orc hits you but does no damage. The orc hits you with a +0 flail.
You shoot a sling bullet. The sling bullet hits the orc priest.
The orc priest is lightly wounded.
The orc barely misses you. The orc hits you but does no damage.
The orc priest hits you but does no damage.
The orc warrior closely misses you.
The orc warrior hits you but does no damage.
The orc barely misses you.
The orc priest hits you but does no damage.
The orc barely misses you.
You shoot a sling bullet.
The sling bullet closely misses the orc priest.
The orc hits you with a +0 flail. The orc completely misses you.
The orc priest calls down the wrath of Beogh upon you.
Beogh smites you!
You die...

......# *...##.#........,,**,*,,,
..!...#**#.,**,..####..,,,,,,**,*
....?##,*#.#*#,...* **,.,,,,,,,,*
.......,,,..##...#####..,,,,*,,,*
.......,,.,....#..#.....,,,,*,,,*
**,,,,,,,..##..#........,,,,**,,,
**,,,,,,,...............,,***,,,,
*,,,,,,,,...............,,**,,,,,
***,,,,,,......o@)......,,***,,,,
***,,,,......ooo..##..,,,**,,,,
*,,,,..........##***,,,****,,
*,,,,..........# *,,,,,,***
**,,,..........#****,,**,,*
*,,,##....##...,,,*,,,,,**
*,,,......,,....,,***,,**
*,*,......,,#....,,*****
***,,,,,,***,*<,,,,**


You could see an orc warrior, an orc priest and 2 orcs.

Vanquished Creatures
  Grinder (D:4)
  A hound (D:5)
  A sleepcap (D:5)
  2 iguanas
  An orc wizard (D:5)
  4 adders
  2 dart slugs (D:2)
  4 orcs (D:5)
  4 endoplasms
  3 giant cockroaches
  3 goblins
  5 hobgoblins
  10 jackals
  4 quokkas
  6 ball pythons
  5 bats
  3 frilled lizards
  6 kobolds
  5 rats
70 creatures vanquished.

Notes
Turn   | Place    | Note
-------+----------+-------------------------------------------
     0 | D:1      | qw the Gargoyle Hexslinger began the quest for the Orb.
     0 | D:1      | Reached XP level 1. HP: 12/12 MP: 2/2
     0 | D:1      | 0 ||| qw: Version: 0.3-a-51-g015441d
     0 | D:1      | 0 ||| qw: Game counter: 4062
     0 | D:1      | 0 ||| qw: Melee chars always use a shield: true
     0 | D:1      | 0 ||| qw: God list: Okawaru
     0 | D:1      | 0 ||| qw: Allow faded altars: false
     0 | D:1      | 0 ||| qw: Do Orc after clearing Dungeon:15 true
     0 | D:1      | 0 ||| qw: Do second Lair branch before Depths: true
     0 | D:1      | 0 ||| qw: Lair rune preference: random
     0 | D:1      | 0 ||| qw: Goals: Normal
     0 | D:1      | 0 ||| PLANNING D:1-11
   117 | D:1      | Found Lesuhall's Book Boutique.
   271 | D:1      | Found The Oracle's Delphic Readings.
   275 | D:1      | 275 ||| SHOPLISTING 3 scrolls of enchant weapon (292 gold,
                  | have 7).
   275 | D:1      | 275 ||| SHOPLISTING scroll of enchant weapon (97 gold, have
                  | 7).
   275 | D:1      | 275 ||| SHOPLISTING scroll of identify (26 gold, have 7).
   620 | D:1      | Reached XP level 2. HP: 16/16 MP: 3/3
   765 | D:1      | 765 ||| UPGRADING to +0 ring mail.
   775 | D:1      | 775 ||| DROPPING +0 robe.
   776 | D:1      | 776 ||| READING scroll labelled HOGGAU JUAPAHU.
   779 | D:1      | 779 ||| READING 3 scrolls labelled DEHOD IVOCZE.
   780 | D:1      | 780 ||| READING 2 scrolls of brand weapon.
   780 | D:1      | 780 ||| BRANDING +1 sling of flaming.
   781 | D:1      | 781 ||| READING scroll labelled FAES TOLEV.
   782 | D:1      | 782 ||| DRINKING 3 emerald potions.
   783 | D:1      | 783 ||| DROPPING scroll of poison.
   859 | D:2      | Found a shimmering altar of Xom.
   870 | D:2      | Reached skill level 3 in Ranged Weapons
   913 | D:2      | Reached XP level 3. HP: 18/20 MP: 4/4
  1595 | D:2      | 1595 ||| UPGRADING to +0 pair of boots.
  1600 | D:2      | 1600 ||| READING scroll labelled XITUAR KYCODE.
  1655 | D:3      | Reached XP level 4. HP: 26/26 MP: 5/5
  1741 | D:3      | Found an ornate altar of the Wu Jian Council.
  1810 | D:3      | Reached skill level 1 in Armour
  2152 | D:3      | Found Fecryini's Armour Shoppe.
  2156 | D:3      | 2156 ||| SHOPLISTING +3 leather armour (266 gold, have
                  | 160).
  2232 | D:3      | Reached skill level 4 in Ranged Weapons
  2257 | D:3      | 2257 ||| READING scroll labelled PUMUARYFUE.
  2258 | D:3      | 2258 ||| DRINKING 2 black potions.
  2321 | D:4      | HP: 2/26 [iguana (7)]
  2322 | D:4      | 2322 ||| DRINKING potion of heal wounds.
  2326 | D:4      | Reached XP level 5. HP: 21/30 MP: 6/6
  2472 | D:4      | Noticed Grinder
  2472 | D:4      | Paralysed by Grinder for 5 turns
  2494 | D:4      | Killed Grinder
  2495 | D:4      | Reached skill level 6 in Ranged Weapons
  2495 | D:4      | Reached XP level 6. HP: 16/35 MP: 7/7
  2658 | D:4      | You fall into a shaft and drop 1 floor!
  2658 | D:5      | Entered Level 5 of the Dungeon
  2671 | D:5      | Reached skill level 3 in Fighting
  2725 | D:5      | Found an iron altar of Okawaru.
  2726 | D:5      | 2726 ||| PLANNING OKAWARU WORSHIP
  2726 | D:5      | 2726 ||| UPGRADING to +4 ring of protection.
  2727 | D:5      | 2727 ||| READING scroll labelled VIECSA NYSO.
  2728 | D:5      | 2728 ||| DRINKING 2 fuming brown potions.
  2736 | D:5      | Became a worshipper of Warmaster Okawaru
  2737 | D:5      | 2737 ||| PLANNING D:1-11
  2771 | D:5      | HP: 9/37 [something/magic dart (2)]
  2901 | D:5      | Noticed an orc warrior
  2903 | D:5      | Reached XP level 7. HP: 28/42 MP: 8/8
  2907 | D:5      | HP: 9/42 [orc warrior/+0 short sword (2)]
  2909 | D:5      | HP: 3/42 [orc/+0 flail (3)]
  2909 | D:5      | Killed from afar by an orc priest

Levels and vault maps discovered:
D:1:      minmay_arrival_nine_rooms, layout_basic, serial_shops,
          nicolae_shop_crystal, serial_forest, infiniplex_forest_pool,
          infiniplex_forest_lined_corner, infiniplex_forest_end_2,
          infiniplex_forest_clump_C, infiniplex_forest_fountain,
          infiniplex_forest_lined_room_2, nicolae_nh_oracle_at_delphi
D:2:      wad_pebble_path, layout_basic, basic_altar, grunt_ministairs_5,
          hangedman_abyss_or_decor_stabs
D:3:      layout_basic, marbit_many_paths, serial_shops,
          nicolae_shop_back_alley_shop
D:4:      layout_loops_corners, minmay_temple_entry_waves, serial_shops,
          nicolae_shop_drivethru, uniq_grinder
D:5:      layout_cave_pools, mainiacjoe_overflow_alcove_1,
          mainiacjoe_overflow_surrounded_room, makhleb_blood_cavern_becter

Skill      XL: |  1  2  3  4  5  6 |
---------------+-------------------+-----
Ranged Weapons | 3 4 6 |  6.2
Fighting       | 2 3 |  3.8
Armour         | 1 |  1.0
Dodging        | |  1.5
Spellcasting   | |  1.0
Hexes          | |  2.6

Action                     |  1- 3 |  4- 6 |  7- 9 || total
---------------------------+-------+-------+-------++-------
   Fire: Sling             |    94 |   112 |     7 ||   213
    Use: Scroll            |     5 |     2 |       ||     7
         Potion            |     1 |     3 |       ||     4
 Armour: Ring mail         |    57 |    82 |    11 ||   150
  Dodge: Dodged            |    65 |    75 |    19 ||   159

Table legend:
 A = Non-vault XP
 B = Vault XP
 C = Vault XP percentage of total XP
 D = Non-vault monster count
 E = Vault monster count
 F = Vault count percentage of total count
                 A         B        C        D         E       F
            +---------+---------+-------+---------+---------+-------
      Total |     338 |     297 |  46.8 |      64 |       6 |   8.6
            +---------+---------+-------+---------+---------+-------
        D:1 |       7 |       3 |  30.0 |       6 |       2 |  25.0
        D:2 |      68 |       2 |   2.9 |      24 |       2 |   7.7
        D:3 |      52 |       2 |   3.7 |      18 |       1 |   5.3
        D:4 |      47 |     290 |  86.1 |       7 |       1 |  12.5
        D:5 |     164 |       0 |   0.0 |       9 |       0 |   0.0
            +---------+---------+-------+---------+---------+-------
